 Dungeon Crawl Stone Soup version 0.23.0 (webtiles) character file.

Game seed: 5978106538258687481

216 Raclure the Conjurer (level 6, -6/43 HPs)
             Began as a Human Conjurer on Feb 18, 2019.
             Was an Initiate of Sif Muna.
             Mangled by an iguana (9 damage)
             ... on level 6 of the Dungeon.
             The game lasted 00:42:46 (4625 turns).

Raclure the Conjurer (Human Conjurer)               Turns: 4625, Time: 00:42:47

Health: -6/43      AC:  6    Str: 10    XL:     6   Next: 16%
Magic:  5/10       EV: 13    Int: 17    God:    Sif Muna [......]
Gold:   122        SH:  0    Dex: 14    Spells: 4/11 levels left

rFire    . . .     SeeInvis .   l - +0 dagger
rCold    . . .     Gourm    .   (no shield)
rNeg     . . .     Faith    .   a - +1 robe
rPois    .         Spirit   .   (no helmet)
rElec    .         Reflect  .   (no cloak)
rCorr    .         Harm     .   (no gloves)
MR       .....     Clarity  +   (no boots) Stlth ++........Rnd*Tele +
                                (no amulet)
HPRegen  0.14/turn              o - ring of wizardry
MPRegen  0.12/turn              q - +1 ring of protection

@: no status effects
A: icy blue scales 1, clarity, strong 1, teleportitis 1
a: Renounce Religion


You were on level 6 of the Dungeon.
You worshipped Sif Muna.
Sif Muna was noncommittal.
You were hungry.

You visited 1 branch of the dungeon, and saw 6 of its levels.

You collected 122 gold pieces.

Inventory:

Hand Weapons
 l - a +0 dagger (weapon)
Armour
 a - a +1 robe (worn)
 d - a +0 robe
 e - a +2 helmet
 p - a +0 helmet
Jewellery
 k - an uncursed ring of fire {unknown}
 o - a ring of wizardry (left hand)
 q - a +1 ring of protection (right hand)
Scrolls
 b - a scroll of amnesia
 f - a scroll of remove curse
 i - 3 scrolls of identify
Potions
 g - 2 potions of degeneration
 h - a potion of lignification
 j - a potion of heal wounds
 m - a potion of flight
Comestibles
 c - 8 rations


   Skills:
 + Level 1.3 Fighting
 + Level 0.7 Short Blades
   Level 0.4 Maces & Flails
 + Level 3.1 Dodging
 + Level 2.9 Stealth
 + Level 3.0 Spellcasting
 + Level 5.1 Conjurations


You had 4 spell levels left.
You knew the following spells:

 Your Spells              Type           Power        Failure   Level  Hunger
a - Magic Dart            Conj           ###.         1%          1    None
b - Searing Ray           Conj           ###...       1%          2    ##.....
c - Iskenderun's Mystic   Conj           ###.....     9%          4    ####...

Your spell library contained the following spells:

 Spells                   Type           Power        Failure   Level  Hunger
 Dazzling Spray           Conj/Hex       ##....       8%          3    ###....
 Force Lance              Conj/Tloc      ##......     24%         4    ####...
 Fulminant Prism          Conj/Hex       ##........   24%         4    ####...


Dungeon Overview and Level Annotations

Branches:
Dungeon (6/15)
 Temple: D:4-7

Altars:
Fedhas
Gozag
Kikubaaqudgha
Sif Muna
Xom

Shops:
D:5 :


Innate Abilities, Weirdness & Mutations

You are partially covered in icy blue scales. (AC +2)
You possess an exceptional clarity of mind.
Your muscles are strong. (Str +2)
You are occasionally teleported next to monsters.


Message History

* * * LOW HITPOINT WARNING * * *
The bullfrog hits you.
* * * LOW HITPOINT WARNING * * *
The searing ray hits the jackal.
You kill the jackal!
Sif Muna accepts your kill. The bullfrog hits you.
* * * LOW HITPOINT WARNING * * *
The searing ray hits the jackal!
You kill the jackal!
Sif Muna accepts your kill. The bullfrog closely misses you.
The jackal bites you but does no damage.
The iguana hisses menacingly.
The bullfrog misses you.
The searing ray hits the iguana.
The iguana is moderately wounded.
You finish channeling your searing ray.
The jackal barely misses you. The bullfrog closely misses you.
The iguana bites you!
You die...

######
#....#
#..h@#
#..Fl#
####...†#
........#
####....#
##....#
#....<#
#..#....#
...#....#


You could see a bullfrog, an iguana and a jackal.

Vanquished Creatures
  A centaur skeleton (D:4)
  2 worker ants
  A hound skeleton (D:3)
  Robin (D:4)
  2 adders (D:4)
  4 worms
  6 leopard geckos (D:2)
  An orc (D:3)
  5 bats
  3 giant cockroaches
  16 goblins
  7 hobgoblins
  12 jackals
  2 quokkas
  A ball python (D:1)
  3 frilled lizards
  A kobold (D:3)
  7 rats
75 creatures vanquished.

Notes
Turn   | Place    | Note
-------+----------+-------------------------------------------
     0 | D:1      | Raclure the Human Conjurer began the quest for the Orb.
     0 | D:1      | Reached XP level 1. HP: 13/13 MP: 3/3
   509 | D:1      | Reached XP level 2. HP: 19/19 MP: 3/5
   517 | D:1      | Learned a level 2 spell: Searing Ray
   787 | D:1      | Reached XP level 3. HP: 14/24 MP: 3/6
   893 | D:1      | Learned a level 3 spell: Dazzling Spray
  1306 | D:2      | Found a blossoming altar of Fedhas.
  1512 | D:2      | Found a shimmering altar of Xom.
  1513 | D:2      | Found a shimmering altar of Xom.
  1514 | D:2      | Found a shimmering altar of Xom.
  1517 | D:2      | Found an opulent altar of Gozag.
  1705 | D:2      | Found a shimmering altar of Xom.
  1991 | D:2      | Reached XP level 4. HP: 31/31 MP: 1/7
  2801 | D:3      | Found a faded altar of an unknown god.
  3074 | D:3      | Found an ancient bone altar of Kikubaaqudgha.
  3159 | D:3      | Reached skill level 1 in Fighting
  3159 | D:3      | Reached XP level 5. HP: 37/37 MP: 1/8
  3407 | D:3      | Gained mutation: Your muscles are strong. (Str +2) [potion
                  | of mutation]
  3407 | D:3      | Gained mutation: You are occasionally teleported next to
                  | monsters. [potion of mutation]
  3407 | D:3      | Gained mutation: You are partially covered in icy blue
                  | scales. (AC +2) [potion of mutation]
  3407 | D:3      | Gained mutation: You possess an exceptional clarity of
                  | mind. [potion of mutation]
  3417 | D:3      | Learned a level 4 spell: Iskenderun's Mystic Blast
  3456 | D:3      | Noticed Robin
  3685 | D:4      | Killed Robin
  3941 | D:3      | Found a deep blue altar of Sif Muna.
  3949 | D:3      | Became a worshipper of Sif Muna the Loreminder
  4427 | D:4      | Reached skill level 5 in Conjurations
  4492 | D:4      | Noticed an ogre
  4542 | D:4      | Reached XP level 6. HP: 25/43 MP: 2/10
  4562 | D:4      | Noticed an ogre
  4593 | D:5      | Entered Level 5 of the Dungeon
  4594 | D:5      | Found Haggefac's Book Emporium.
  4623 | D:6      | HP: 2/43 [bullfrog (2)]
  4625 | D:6      | Mangled by an iguana

Skill      XL: |  1  2  3  4  5 |
---------------+----------------+-----
Fighting       | 1 |  1.3
Conjurations   | 5 |  5.1
Dodging        | 3 |  3.1
Spellcasting   | 3 |  3.0
Short Blades   | |  0.7
Maces & Flails | |  0.4
Stealth        | |  2.9

Action                   |  1- 3 |  4- 6 || total
-------------------------+-------+-------++-------
Melee: Club              |    17 |       ||    17
       Unarmed           |     4 |       ||     4
       Dagger            |    20 |    19 ||    39
 Cast: Magic Dart        |    10 |       ||    10
       Searing Ray       |    18 |    32 ||    50
       Dazzling Spray    |     1 |       ||     1
       Iskenderun's Myst |       |     4 ||     4
  Use: Scroll            |     3 |     7 ||    10
       Potion            |     1 |     7 ||     8
  Eat: Chunk             |     1 |     7 ||     8
       Ration            |     1 |     1 ||     2
Armor: Robe              |    20 |    41 ||    61
Dodge: Dodged            |    72 |   109 ||   181
